[Event "World Junior U20 Open 2018"]
[Site "Gebze"]
[Date "2018.09.07"]
[Round "4.61"]
[White "Erdogan, Anil Berk"]
[Black "Nastase, Robert-Paul"]
[Result "1/2-1/2"]
[ECO "C14"]
[WhiteElo "2083"]
[BlackElo "2313"]
[Annotator "ChessBase"]
[PlyCount "36"]
[EventDate "2018.09.05"]
[EventType "swiss"]
[EventCountry "TUR"]
[SourceTitle "playchess.com"]
[Source "ChessBase"]
[SourceQuality "1"]
[TimeControl "40/5400+30:1800+30"]

1. e4 e6 2. d4 d5 3. Nc3 Nf6 4. Bg5 Be7 5. e5 Nfd7 6. Bxe7 Qxe7 7. f4 a6 8. Qg4 O-O 9. Nf3 f5 10. exf6 Nxf6 11. Qh4 c5 12. Bd3 Nc6 13. dxc5 Qxc5 14. O-O-O Bd7 15. Rhe1 Kh8 16. Kb1 Kg8 17. Kc1 Kh8 18. Kb1 Kg8 1/2-1/2

[Event "World Junior U20 Open 2018"]
[Site "Gebze"]
[Date "2018.09.07"]
[Round "4.62"]
[White "Ozturk, Efe Hakan"]
[Black "Zlatin, Alexander"]
[Result "1/2-1/2"]
[ECO "E18"]
[WhiteElo "2065"]
[BlackElo "2312"]
[Annotator "NA"]
[PlyCount "256"]
[EventDate "2018.09.05"]
[EventType "swiss"]
[EventCountry "TUR"]
[SourceTitle "playchess.com"]
[Source "ChessBase"]
[SourceQuality "1"]
[TimeControl "40/5400+30:1800+30"]

1. d4 Nf6 2. c4 e6 3. Nf3 d5 4. g3 Be7 5. Bg2 O-O 6. O-O b6 7. Nc3 Bb7 8. Ne5 Na6 9. Qa4 c5 {[%emt 0:02:30] E18: Queen's Indian: Old Main Line (4 g3 Bb7 5 Bg2 Be7 6 0-0 0-0 7 Nc3)} 10. cxd5 exd5 11. Nc6 (11. Rd1 Qe8 12. Qxe8 Rfxe8 13. dxc5 Bxc5 14. Nd3 Nb4 15. Nxc5 bxc5 16. Bf4 Ba6 17. Rd2 Ne4 18. Nxe4 dxe4 {½-½ (41) Neuman,P (2446)-Zlatin,A (2193) Prague 2018}) 11... Bxc6 12. Qxc6 Nb4 13. Qa4 cxd4 14. Nb5 d3 15. exd3 Nxd3 16. Rd1 Nc5 17. Qc2 $146 ({Predecessor:} 17. Qd4 Nce4 18. Be3 {1-0 (29) Kohler,T (2285)-Berger,H Potsdam 1995}) 17... Ne6 18. Qe2 $1 Bc5 19. Nc3 d4 20. Bxa8 Qxa8 21. Na4 Ne4 22. Qf3 Kh8 23. Nxc5 bxc5 24. Re1 f5 25. g4 g6 26. Bh6 Rg8 27. Re2 Nc3 28. Qd3 Nxe2+ 29. Qxe2 Qe4 30. Re1 Qxe2 31. Rxe2 Re8 32. gxf5 gxf5 33. Re5 Rg8+ 34. Kf1 Rg6 35. Bd2 Rf6 36. Ke2 c4 37. Ra5 Rf7 38. Re5 Re7 39. Kd1 Kg7 40. Rxf5 Kg6 41. Ra5 Kf6 42. f4 Rg7 43. f5 Rg1+ 44. Kc2 Ng7 45. Rc5 Nxf5 46. Rxc4 Rg2 47. Rc6+ Ke5 48. h3 Kd5 49. Rc7 Ke4 50. b4 Ne3+ 51. Kc1 Nf1 52. Bh6 Ng3 53. Rxa7 Kd3 54. Ra3+ Kc4 55. Ra7 Ne2+ 56. Kd2 Nc3+ 57. Ke1 Nxa2 58. Rxh7 Nxb4 59. h4 Nd3+ 60. Kf1 Rf2+ 61. Kg1 Rf5 62. Re7 Ne5 63. Kg2 d3 64. Rc7+ Kd4 65. Rc8 Ke4 66. Re8 Rh5 67. Bc1 Rxh4 68. Ra8 Nc4 69. Rd8 Ne3+ 70. Kf2 Rf4+ 71. Kg3 Rf3+ 72. Kh2 Nd5 73. Re8+ Kd4 74. Kg2 Rf5 75. Bb2+ Kc4 76. Rc8+ Kb3 77. Bc1 Nc3 78. Rd8 Kc2 79. Bh6 Ne4 80. Rc8+ Kd1 81. Rd8 d2 82. Bxd2 Nxd2 83. Kg3 Kc2 84. Kg4 Rf7 85. Rd4 Kc3 86. Rf4 Rg7+ 87. Kf5 Kd3 88. Ke5 Ke3 89. Ra4 Rg5+ 90. Kf6 Rb5 91. Ke6 Ne4 92. Ra3+ Kf4 93. Ra1 Re5+ 94. Kd7 $15 Rc5 95. Rf1+ Ke5 96. Re1 Rc3 97. Re2 Kd5 98. Rh2 Nc5+ 99. Ke7 Re3+ 100. Kf6 Nd7+ 101. Kf5 Rf3+ 102. Kg5 Ne5 103. Ra2 Nc6 104. Rd2+ Ke6 105. Ra2 Rf5+ 106. Kg4 Ne5+ 107. Kg3 Rf3+ 108. Kg2 Rc3 109. Ra8 Kf5 110. Rf8+ Ke4 111. Re8 Ra3 112. Kf2 Rf3+ 113. Kg2 Rf7 114. Kg3 Rf5 115. Re7 Rg5+ 116. Kf2 Kf4 117. Ra7 Nd3+ 118. Ke2 Nc5 119. Rf7+ Ke4 120. Re7+ Kd4 121. Re8 Rd5 122. Kf3 Rd7 123. Re1 Rf7+ 124. Kg4 Ne4 125. Ra1 Rg7+ 126. Kf5 Rg5+ 127. Kf4 Rh5 128. Rd1+ Kc4 1/2-1/2

[Event "World Junior U20 Open 2018"]
[Site "Gebze"]
[Date "2018.09.07"]
[Round "4.63"]
[White "Ozenir, Ekin Baris"]
[Black "Ozgur, Tibet Kagan"]
[Result "0-1"]
[ECO "E43"]
[WhiteElo "2303"]
[BlackElo "2056"]
[Annotator "NA"]
[PlyCount "119"]
[EventDate "2018.09.05"]
[EventType "swiss"]
[EventCountry "TUR"]
[SourceTitle "playchess.com"]
[Source "ChessBase"]
[SourceQuality "1"]
[TimeControl "40/5400+30:1800+30"]

1. d4 Nf6 2. c4 e6 3. Nc3 Bb4 4. e3 b6 5. Be2 Bb7 6. Bf3 Qc8 7. Bd2 O-O 8. Rc1 d6 9. a3 Bxc3 10. Bxc3 Ne4 11. d5 Nxc3 12. Rxc3 Nd7 13. Nh3 a5 14. O-O a4 15. e4 Nc5 16. Re1 e5 17. Bg4 Qe8 18. Rg3 Bc8 19. Bxc8 Rxc8 20. Qg4 g6 21. Ng5 f6 22. Nf3 Qd7 23. Qh4 Nd3 24. Rb1 Nf4 25. Re1 h5 26. Nd2 g5 27. Nf3 Kh8 28. Nxg5 fxg5 29. Qxg5 Qh7 30. Ree3 Rf7 31. Qh4 Rcf8 32. Rg5 Rg7 33. Rxg7 Qxg7 34. g3 Qg5 35. Qxg5 Nh3+ 36. Kf1 Nxg5 37. Ke2 Nh3 38. f3 Kg7 39. Kf1 Kg6 40. Ke2 Ng5 41. Rc3 Rh8 42. h4 Nh7 43. Ke3 Nf6 44. Rc1 Nd7 45. Rg1 Kf7 46. Rf1 Rg8 47. Rg1 Nc5 48. g4 Nd7 49. Kd3 hxg4 50. fxg4 Nf6 51. g5 Nh5 52. Kc3 Kg6 53. Kb4 Ra8 54. Rg2 Nf4 55. Rg1 Nd3+ 56. Kc3 Nc5 57. Rf1 Nxe4+ 58. Kd3 Nc5+ 59. Ke3 Rh8 60. Rh1 0-1

[Event "World Junior U20 Open 2018"]
[Site "Gebze"]
[Date "2018.09.07"]
[Round "4.64"]
[White "Aydincelebi, Kagan"]
[Black "Tifferet, Shaked"]
[Result "1-0"]
[ECO "B50"]
[WhiteElo "2060"]
[BlackElo "2299"]
[Annotator "NA"]
[PlyCount "83"]
[EventDate "2018.09.05"]
[EventType "swiss"]
[EventCountry "TUR"]
[SourceTitle "playchess.com"]
[Source "ChessBase"]
[SourceQuality "1"]
[TimeControl "40/5400+30:1800+30"]

1. e4 c5 2. Nf3 d6 3. Bb5+ Bd7 4. Bxd7+ Nxd7 5. O-O Ngf6 6. Qe2 e6 7. b3 g6 8. Bb2 Bg7 9. c4 O-O 10. Nc3 Nh5 11. Rfd1 Nf4 12. Qf1 e5 13. Nd5 Nxd5 14. cxd5 f5 15. d3 f4 16. Nd2 g5 17. Qe2 Nf6 18. f3 Rf7 19. Bc3 Bf8 20. Rab1 Rg7 21. b4 b6 22. bxc5 bxc5 23. Nc4 Qe8 24. Rb3 Rb8 25. Rdb1 Rxb3 26. Rxb3 h5 27. Qb2 g4 28. Rb7 Nd7 29. Qe2 Qc8 30. Na5 Be7 31. Rxa7 c4 32. d4 exd4 33. Bxd4 Ne5 34. Kh1 gxf3 35. gxf3 Qb8 36. Qb2 Qc8 37. Nc6 Nxc6 38. dxc6 c3 39. Bxc3 Qh3 40. Qf2 Bf6 41. Rxg7+ Kxg7 42. Qg2+ 1-0

[Event "World Junior U20 Open 2018"]
[Site "Gebze"]
[Date "2018.09.07"]
[Round "4.65"]
[White "Milosevic, Milos"]
[Black "Baylav, Can"]
[Result "1/2-1/2"]
[ECO "B51"]
[WhiteElo "2292"]
[BlackElo "2026"]
[Annotator "NA"]
[PlyCount "106"]
[EventDate "2018.09.05"]
[EventType "swiss"]
[EventCountry "TUR"]
[SourceTitle "playchess.com"]
[Source "ChessBase"]
[SourceQuality "1"]
[TimeControl "40/5400+30:1800+30"]

1. e4 c5 2. Nf3 d6 3. Bb5+ Nd7 4. c4 Ngf6 5. Nc3 a6 {[%emt 0:00:30] B51: Sicilian: Moscow Variation (3 Bb5+) without 3...Bd7} (5... g6 6. O-O Bg7 7. Ba4 O-O 8. h3 Nb6 9. Bb3 e5 10. d3 Ne8 11. Bg5 f6 12. Be3 f5 13. Bg5 Bf6 {0-1 (43) Safarli,E (2664)-Giri,A (2790) Shamkir 2016 CBM 173 [Mekhitarian,K]}) 6. Ba4 e6 7. O-O Be7 8. d3 O-O 9. h3 Qc7 10. Be3 $146 ({Predecessor:} 10. Nh2 Nb6 11. Bb3 d5 12. f4 dxc4 13. dxc4 {½-½ (29) Bosco,R (2265)-Yabiansky,M Buenos Aires 1992}) 10... Nb6 11. Bb3 d5 12. cxd5 exd5 13. e5 d4 14. exf6 Bxf6 15. Ne4 dxe3 16. Nxf6+ gxf6 17. fxe3 Qg3 18. Qe1 Qxe1 19. Nxe1 Kg7 20. Rc1 Nd7 21. d4 b6 22. Nd3 Re8 23. Rf3 Bb7 24. Rg3+ Kf8 25. dxc5 Be4 26. c6 Ne5 27. Nxe5 Rxe5 28. Rg4 $16 Rc8 29. c7 f5 30. Rf4 Re7 31. g4 fxg4 32. hxg4 b5 33. a4 Bb7 34. axb5 axb5 35. Rf5 Rcxc7 36. Rxc7 Rxc7 37. Rxb5 Bc8 38. Rb4 Kg7 39. Kf2 Kg6 40. Kg3 Bd7 41. Rc4 Ra7 42. Bc2+ Kg7 43. g5 h6 44. gxh6+ Kxh6 45. b4 Ra2 46. Rc7 Be6 47. b5 Rb2 48. Rc5 Bd7 49. Bd3 Rb3 50. Rd5 Be6 51. Rd6 Kg5 52. Rd4 Bf5 53. Bxf5 Kxf5 1/2-1/2

[Event "World Junior U20 Open 2018"]
[Site "Gebze"]
[Date "2018.09.07"]
[Round "4.68"]
[White "Helander, Benjamin"]
[Black "Vanczak, Tamas"]
[Result "0-1"]
[ECO "B12"]
[WhiteElo "1994"]
[BlackElo "2276"]
[Annotator "NA"]
[PlyCount "54"]
[EventDate "2018.09.05"]
[EventType "swiss"]
[EventCountry "TUR"]
[SourceTitle "playchess.com"]
[Source "ChessBase"]
[SourceQuality "1"]
[TimeControl "40/5400+30:1800+30"]

1. e4 c6 2. d4 d5 3. e5 g6 4. h3 Bg7 5. Nf3 h5 6. Bd3 Nh6 7. Bg5 Qb6 8. Qc1 Bf5 9. Bxf5 Nxf5 10. c3 f6 11. exf6 exf6 12. Bf4 $15 Nd7 13. h4 Qa6 14. Na3 O-O 15. Nc2 Rae8+ 16. Ne3 Re4 17. g3 Rfe8 18. Qd2 Nf8 19. O-O-O Qxa2 20. Rde1 Nxe3 21. Bxe3 Nd7 22. Ng1 Nb6 23. Nh3 Nc4 24. Qc2 Qa1+ 25. Qb1 Qxb1+ 26. Kxb1 Nxe3 27. fxe3 Rxe3 0-1

[Event "World Junior U20 Open 2018"]
[Site "Gebze"]
[Date "2018.09.07"]
[Round "4.69"]
[White "Ozsakallioglu, Okan"]
[Black "Yaran, Siar"]
[Result "1/2-1/2"]
[ECO "E05"]
[WhiteElo "1955"]
[BlackElo "2271"]
[Annotator "ChessBase"]
[PlyCount "54"]
[EventDate "2018.09.05"]
[EventType "swiss"]
[EventCountry "TUR"]
[SourceTitle "playchess.com"]
[Source "ChessBase"]
[SourceQuality "1"]
[TimeControl "40/5400+30:1800+30"]

1. d4 e6 2. Nf3 Nf6 3. g3 Be7 4. Bg2 O-O 5. c4 d5 6. O-O dxc4 7. Qc2 a6 8. a4 Bd7 9. Qxc4 Bc6 10. Bf4 Nbd7 11. Nbd2 Nd5 12. Rfc1 Nxf4 13. gxf4 Nf6 14. e3 Rc8 15. Qc2 g6 16. Nb3 Be4 17. Qe2 c6 18. Nbd2 Bxf3 19. Bxf3 Kh8 20. Nc4 Rg8 21. Ne5 Qf8 22. Kh1 Rc7 23. Qd2 Bb4 24. Qd3 Nd7 25. Qe4 Nf6 26. Qd3 Nd7 27. Qe4 Nf6 1/2-1/2

[Event "World Junior U20 Open 2018"]
[Site "Gebze"]
[Date "2018.09.07"]
[Round "4.73"]
[White "Tuna, Alp"]
[Black "Huber, Martin Christian"]
[Result "0-1"]
[ECO "C00"]
[WhiteElo "2253"]
[BlackElo "2390"]
[Annotator "NA"]
[PlyCount "84"]
[EventDate "2018.09.05"]
[EventType "swiss"]
[EventCountry "TUR"]
[SourceTitle "playchess.com"]
[Source "ChessBase"]
[SourceQuality "1"]
[TimeControl "40/5400+30:1800+30"]

1. e4 c5 2. Nf3 e6 3. g3 Nc6 4. Bg2 Nf6 5. d3 d5 6. Nbd2 Be7 7. O-O O-O 8. Re1 Re8 9. e5 Nd7 10. Nf1 b5 11. h4 {[%emt 0:00:30] C00: French: Unusual White 2nd moves} a5 12. N1h2 b4 13. h5 a4 (13... h6 14. Ng4 Bf8 15. Bf4 a4 16. a3 bxa3 17. bxa3 Rb8 18. Ne3 Bb7 19. c4 dxc4 20. Nxc4 {1-0 (58) Svidler,P (2727)-Karjakin,S (2762) Baku 2015}) 14. Ng4 Ba6 15. Bf4 Nd4 $146 ({Predecessor:} 15... Na7 16. h6 g6 17. Qc1 Rc8 18. Bg5 Nb5 19. Qf4 a3 20. b3 {½-½ (47) Demian,V-Troianescu,O Bucharest 1967}) 16. Nxd4 cxd4 17. b3 Bb5 18. Qd2 Rc8 19. Bf3 Rc3 20. Kg2 Qc8 21. Bd1 Qc5 22. Bg5 Bf8 23. Rh1 Ra8 24. Rb1 axb3 25. axb3 Ra2 26. Qf4 Rcxc2 27. Bxc2 Rxc2 28. Rbd1 Rc3 29. Rh4 Bxd3 30. Nh6+ gxh6 31. Rxd3 f5 32. exf6 Kf7 33. Rxd4 Bd6 34. Qd2 hxg5 35. Qxg5 Nxf6 36. h6 Be7 $16 (36... e5 $19 37. Rd1 Ke6) 37. Rxb4 Ke8 $2 (37... Qc6 $11 {and Black is okay.} 38. Rbd4 Qd6) 38. Qe5 Qc6 39. Rb8+ Kd7 40. Ra4 d4+ 41. Kf1 Qh1+ 42. Ke2 Rc2+ 0-1

[Event "World Junior U20 Open 2018"]
[Site "Gebze"]
[Date "2018.09.07"]
[Round "4.75"]
[White "Bashirli, Nail"]
[Black "Kwon, Sehyun"]
[Result "1-0"]
[ECO "B27"]
[WhiteElo "2354"]
[BlackElo "2129"]
[Annotator "NA"]
[PlyCount "87"]
[EventDate "2018.09.05"]
[EventType "swiss"]
[EventCountry "TUR"]
[SourceTitle "playchess.com"]
[Source "ChessBase"]
[SourceQuality "1"]
[TimeControl "40/5400+30:1800+30"]

1. e4 c5 2. Nf3 g6 3. Bc4 Bg7 4. O-O Nc6 5. c3 e6 6. d4 cxd4 7. Nxd4 a6 8. Re1 Nge7 9. Nxc6 dxc6 10. Qxd8+ Kxd8 11. a4 b6 12. Bf4 c5 13. Nd2 Ra7 14. Nf3 Nc6 15. Red1+ Bd7 16. Bd6 Ke8 17. Rd2 Na5 18. Ba2 Bxa4 19. Bxe6 Nb3 20. Bxb3 Bxb3 21. Ne5 Bh6 22. Rd3 Bc2 23. Rh3 Bg7 24. Rc1 Ba4 25. Nc4 Bd7 26. Rg3 Be6 27. Nxb6 c4 28. Bc5 Be5 29. Rf3 Bg4 30. Nxc4 Bxf3 31. Bxa7 Bf4 32. Ra1 Be2 33. Bd4 Rg8 34. Rxa6 Kd7 35. Ra7+ Ke6 36. Nb6 h5 37. Nd5 Bd6 38. b4 f5 39. Nf6 Rc8 40. f3 Bb8 41. Ra5 h4 42. Kf2 Bd3 43. Ke3 Bc4 44. e5 1-0

[Event "World Junior U20 Open 2018"]
[Site "Gebze"]
[Date "2018.09.07"]
[Round "4.76"]
[White "Pigeat, Alexandre"]
[Black "Noboa, Kevin"]
[Result "1-0"]
[ECO "E29"]
[WhiteElo "2347"]
[BlackElo "2256"]
[Annotator "NA"]
[PlyCount "97"]
[EventDate "2018.09.05"]
[EventType "swiss"]
[EventCountry "TUR"]
[SourceTitle "playchess.com"]
[Source "ChessBase"]
[SourceQuality "1"]
[TimeControl "40/5400+30:1800+30"]

1. d4 e6 2. c4 Bb4+ 3. Nc3 c5 4. a3 Bxc3+ 5. bxc3 d6 6. e3 Nc6 7. Bd3 Nf6 8. Ne2 O-O 9. Qc2 e5 10. O-O Re8 11. f3 b6 12. e4 h6 13. Be3 Na5 14. Ng3 cxd4 15. cxd4 Be6 16. d5 Bd7 17. h3 Rc8 18. Qe2 Nb3 19. Rab1 Nc5 20. f4 exf4 21. Bxf4 b5 22. Bc2 bxc4 23. Qf3 Nh7 24. Nh5 Kh8 25. Bxd6 Ng5 26. Qc3 Rg8 27. Be5 Qf8 28. Rbe1 Nd3 29. Bxd3 cxd3 30. Qxd3 Qc5+ 31. Bd4 Bb5 32. Qe3 Qd6 33. h4 Qg6 34. Rf5 Qxh5 35. hxg5 Bd7 36. Re5 Kh7 37. gxh6 Qxh6 38. Qf3 Rc1 39. Rh5 Rxe1+ 40. Kf2 Rh1 41. Rxh6+ Rxh6 42. Qxf7 Be8 43. Qe7 Kg6 44. d6 Bf7 45. d7 Rhh8 46. Qd6+ Kh7 47. Qh2+ Kg6 48. Qg3+ Kh5 49. Be3 1-0

[Event "World Junior U20 Open 2018"]
[Site "Gebze"]
[Date "2018.09.07"]
[Round "4.77"]
[White "Hollan, Martin"]
[Black "Dionizio, Andre Filipe Nascim"]
[Result "1-0"]
[ECO "D53"]
[WhiteElo "2336"]
[BlackElo "2010"]
[Annotator "NA"]
[PlyCount "77"]
[EventDate "2018.09.05"]
[EventType "swiss"]
[EventCountry "TUR"]
[SourceTitle "playchess.com"]
[Source "ChessBase"]
[SourceQuality "1"]
[TimeControl "40/5400+30:1800+30"]

1. d4 d5 2. c4 e6 3. Nc3 Nf6 4. Bg5 Be7 5. e3 a6 6. cxd5 {[%emt 0:00:00] D53: Queen's Gambit Declined: 4 Bg5 Be7: Early deviations} exd5 7. Bd3 O-O (7... c6 8. Qc2 Nbd7 9. Nf3 O-O 10. h3 Re8 11. O-O-O Nf8 12. g4 Be6 13. Kb1 Rc8 14. Rhg1 b5 15. Ne2 Ne4 16. Bxe7 Qxe7 17. Nf4 c5 18. dxc5 Rxc5 19. Qe2 Ng6 20. Nh5 Rec8 21. Nd4 Ne5 {0-1 (39) Rajkovic,D (2486)-Miladinovic,I (2571) Kragujevac 2009}) 8. Qc2 h6 9. Bh4 Nbd7 10. Nge2 c5 11. dxc5 Nxc5 12. O-O b5 $146 ({Predecessor:} 12... Be6 13. Rfd1 Rc8 14. Nf4 Ncd7 15. Bg3 Qb6 16. Qd2 Bb4 17. a3 Bxc3 18. bxc3 {0-1 (18) Barrish,D (1678)-Gumpo,T (1944) Gauteng 2011}) 13. Rad1 Nxd3 14. Bxf6 Bxf6 15. Qxd3 Bb7 16. b4 Qe7 17. a3 Rfd8 18. Nd4 Rac8 19. Nce2 Qe4 $11 20. Nb3 Qxd3 21. Rxd3 Rc2 22. Nc5 Bc8 23. Nf4 d4 24. e4 Be7 25. Nb3 Bb7 26. f3 g5 27. Nh5 Ra2 28. Ra1 Rxa1+ 29. Nxa1 a5 30. Nc2 axb4 31. axb4 Rc8 32. Nxd4 Rd8 33. Kf2 Bxb4 34. Ke2 Ba6 35. Nf6+ Kh8 36. Nd5 Bc5 37. Nc6 Rd6 38. Ncb4 Bc8 39. Rc3 1-0

[Event "World Junior U20 Open 2018"]
[Site "Gebze"]
[Date "2018.09.07"]
[Round "4.78"]
[White "Dedebas, Emre Emin"]
[Black "Cansun, Can Alp"]
[Result "1/2-1/2"]
[ECO "E15"]
[WhiteElo "2334"]
[BlackElo "2110"]
[Annotator "NA"]
[PlyCount "85"]
[EventDate "2018.09.05"]
[EventType "swiss"]
[EventCountry "TUR"]
[SourceTitle "playchess.com"]
[Source "ChessBase"]
[SourceQuality "1"]
[TimeControl "40/5400+30:1800+30"]

1. d4 Nf6 2. Nf3 e6 3. c4 b6 4. g3 Ba6 5. Qa4 c5 6. Bg2 Bb7 7. dxc5 bxc5 8. O-O Be7 9. Nc3 O-O 10. Rd1 d6 11. Bf4 Qb6 12. Rab1 Na6 13. a3 Bc6 14. Qc2 Rfd8 15. e4 Qb7 16. Ne1 h6 17. Qe2 e5 18. Bc1 Qb3 19. Nc2 Rab8 20. Ne3 Nc7 21. Rd3 Qb7 22. Nf5 Ne6 23. Nd5 Bxd5 24. exd5 Nd4 25. Nxd4 exd4 26. b4 Re8 27. Rdb3 Bf8 28. Qd1 Qa6 29. Qf1 Qa4 30. Bd2 Nd7 31. Qd1 Be7 32. Bf1 Qa6 33. Bxh6 Ne5 34. Bf4 Ng6 35. Bd2 Bf6 36. f4 Ne7 37. Bd3 Nxd5 38. b5 Qa4 39. Qh5 Ne3 40. Qh7+ Kf8 41. Bxe3 dxe3 42. Be2 Bd4 43. Qf5 1/2-1/2

[Event "World Junior U20 Open 2018"]
[Site "Gebze"]
[Date "2018.09.07"]
[Round "4.79"]
[White "Sezdbekov, Ruslan"]
[Black "Zhu, Yi"]
[Result "1-0"]
[ECO "B22"]
[WhiteElo "2160"]
[BlackElo "2335"]
[Annotator "NA"]
[PlyCount "65"]
[EventDate "2018.09.05"]
[EventType "swiss"]
[EventCountry "TUR"]
[SourceTitle "playchess.com"]
[Source "ChessBase"]
[SourceQuality "1"]
[TimeControl "40/5400+30:1800+30"]

1. e4 c5 2. Nf3 e6 3. c3 Nf6 4. e5 Nd5 5. d4 cxd4 6. cxd4 d6 7. exd6 Bxd6 8. Nc3 O-O 9. Bd3 Nf4 10. Bxf4 Bxf4 11. O-O Nc6 12. Re1 g6 13. Be4 Ne7 14. Qb3 Bh6 15. Rad1 Bg7 16. Ne5 a6 17. f4 Qc7 18. Kh1 Rb8 19. d5 Rd8 20. Bf3 b5 21. Qb4 exd5 22. Bxd5 Be6 23. Bxe6 fxe6 24. Qb3 Rb6 25. Rxd8+ Qxd8 26. Rd1 Qe8 27. Na4 bxa4 28. Qxb6 Nd5 29. Qd6 Bf8 30. Qxa6 Nxf4 31. Nd7 Bg7 32. Qxa4 Nh5 33. g4 1-0

[Event "World Junior U20 Open 2018"]
[Site "Gebze"]
[Date "2018.09.07"]
[Round "4.80"]
[White "Akdogan, Alperen"]
[Black "Caglar, Ahmet Ata"]
[Result "1-0"]
[ECO "E92"]
[WhiteElo "2278"]
[BlackElo "2071"]
[Annotator "NA"]
[PlyCount "97"]
[EventDate "2018.09.05"]
[EventType "swiss"]
[EventCountry "TUR"]
[SourceTitle "playchess.com"]
[Source "ChessBase"]
[SourceQuality "1"]
[TimeControl "40/5400+30:1800+30"]

1. d4 Nf6 2. c4 g6 3. Nc3 Bg7 4. e4 d6 5. Nf3 O-O 6. h3 Na6 7. Bg5 e5 8. d5 h6 9. Be3 Nc5 10. Nd2 a5 11. Be2 Ne8 12. g4 {[%emt 0:03:30] E92: King's Indian: Classical: 6 Be2 e5: 7 dxe5, 7 Be3 and Petrosian System without 7...Nbd7} c6 13. Qc2 Bd7 14. h4 (14. O-O-O cxd5 15. Nxd5 Nc7 16. Nxc7 Qxc7 17. Nb1 Ne6 18. Nc3 Nf4 19. Nd5 Nxd5 20. cxd5 {1-0 (42) Lupulescu,C (2655)-Popovics,A (2399) Hungary 2011}) 14... a4 15. h5 g5 $146 ({Predecessor:} 15... Qa5 16. a3 f5 17. hxg6 f4 18. Bxc5 dxc5 19. f3 Rf6 20. O-O-O Rxg6 {1-0 (55) Bjelobrk,I (2392)-Brown,A (2187) Canberra 2016}) 16. Bxc5 dxc5 17. Nxa4 cxd5 18. Nxc5 d4 19. Nd3 Nc7 $11 20. O-O Ne6 21. Rfc1 Nf4 22. Nf1 f5 23. gxf5 g4 24. Ng3 Qh4 25. Bf1 Bf6 26. Qb3 Bc6 27. Nb4 Bg5 28. Nd5 Nxh5 29. Nxh5 Qxh5 30. Re1 Bxd5 31. cxd5 Bf4 32. Bg2 Qh2+ 33. Kf1 h5 34. d6+ Kh8 35. Rac1 Bxc1 36. Rxc1 h4 37. Qe6 Qf4 38. Rc7 Qg5 39. Qxe5+ Qf6 40. Qxf6+ Rxf6 41. d7 Rc6 42. Rxc6 bxc6 43. e5 Kg7 44. Bxc6 Rd8 45. Ke2 h3 46. Kd3 h2 47. e6 Kf6 48. a4 Ke7 49. a5 1-0

[Event "World Junior U20 Open 2018"]
[Site "Gebze"]
[Date "2018.09.07"]
[Round "4.81"]
[White "Kara, Yanki"]
[Black "Rajic, Ivan"]
[Result "1-0"]
[ECO "D78"]
[WhiteElo "2262"]
[BlackElo "2021"]
[Annotator "NA"]
[PlyCount "53"]
[EventDate "2018.09.05"]
[EventType "swiss"]
[EventCountry "TUR"]
[SourceTitle "playchess.com"]
[Source "ChessBase"]
[SourceQuality "1"]
[TimeControl "40/5400+30:1800+30"]

1. Nf3 Nf6 2. g3 g6 3. b3 Bg7 4. Bb2 O-O 5. Bg2 d5 6. c4 c6 7. O-O Nbd7 8. d4 e6 9. Nbd2 b6 10. Qc2 c5 11. Rfd1 Bb7 12. Rac1 Rc8 13. Qb1 Re8 14. Qa1 Ne4 15. e3 Qe7 16. Qb1 Nxd2 17. Nxd2 Nf6 18. dxc5 bxc5 19. Qc2 e5 20. cxd5 Nxd5 21. a3 Nb6 22. Bxb7 Qxb7 23. Ne4 Red8 24. Nd6 Rxd6 25. Rxd6 c4 26. Rcd1 c3 27. Rd8+ 1-0

[Event "World Junior U20 Open 2018"]
[Site "Gebze"]
[Date "2018.09.07"]
[Round "4.82"]
[White "Yilmaz, Goktan"]
[Black "Daghan, Devran"]
[Result "1-0"]
[ECO "B90"]
[WhiteElo "2237"]
[BlackElo "2004"]
[Annotator "NA"]
[PlyCount "93"]
[EventDate "2018.09.05"]
[EventType "swiss"]
[EventCountry "TUR"]
[SourceTitle "playchess.com"]
[Source "ChessBase"]
[SourceQuality "1"]
[TimeControl "40/5400+30:1800+30"]

1. e4 c5 2. Nf3 d6 3. d4 cxd4 4. Nxd4 Nf6 5. Nc3 a6 6. Be3 e5 7. Nf3 Be7 8. Bc4 O-O 9. O-O Nbd7 {[%emt 0:10:30] B90: Sizilianisch (Najdorf-Variante, Abweichungen)} (9... Be6 10. Bb3 Qc7 11. Nh4 g6 12. Nf3 Re8 13. Ng5 Bc4 14. Re1 Nbd7 15. a4 Qc6 16. Bxc4 Qxc4 17. a5 Qc6 18. Qd3 Rac8 {½-½ (48) Sjugirov,S (2652)-Wojtaszek,R (2738) Batumi 2018}) 10. a4 Qc7 11. Qe2 b6 12. Rad1 Bb7 13. Bg5 h6 14. Bxf6 Nxf6 15. Rfe1 Rfc8 $146 ({Vorgänger:} 15... g6 16. Bb3 Rac8 17. Nd2 Kg7 18. Qf3 Qc5 19. Nc4 Qb4 20. Ne3 {1-0 (44) Frolyanov,D (2564)-Ivanov,R (2252) Kazan 2009}) 16. Bb3 Qc5 17. Nh4 Bc6 18. Nf5 Re8 19. Qf3 Bd7 20. Nd5 Bxf5 21. Qxf5 Ra7 22. Ne3 Bf8 23. Qf3 Qc8 $16 24. Nf5 Qd8 25. Qg3 Kh7 26. Rxd6 Qc8 27. Qf3 Bxd6 28. Nxd6 Qc6 29. Nxe8 Qxe8 30. Rd1 Qe7 31. Qe3 Rd7 32. Bd5 Qb4 33. b3 g6 34. f3 Kg7 35. c3 Qc5 36. Qxc5 bxc5 37. b4 cxb4 38. cxb4 Nxd5 39. Rxd5 Rb7 40. b5 axb5 41. axb5 Kf6 42. Kf2 Ke6 43. Ke3 h5 44. Kd3 h4 45. Kc4 g5 46. Rc5 Rd7 47. b6 1-0